 Dungeon Crawl Stone Soup version 0.24.0-37-gcf1ca852f1 (webtiles) character file.

Game seed: 17962314024244229172, levelgen mode: deterministic

1702 Iamsoldier the Charmwright (level 9, -1/69 HPs)
             Began as a Gnoll Skald on Nov 24, 2019.
             Was an Initiate of Makhleb.
             Slain by a killer bee (7 damage)
             ... on level 7 of the Dungeon.
             The game lasted 00:17:25 (7835 turns).

Iamsoldier the Charmwright (Gnoll Skald)            Turns: 7835, Time: 00:17:26

Health: -1/69      AC:  4    Str: 19    XL:     9   Next: 3%
Magic:  0/18       EV: 16    Int: 19    God:    Makhleb [......]
Gold:   360        SH:  0    Dex: 16    Spells: 11/20 levels left

rFire    + . .     SeeInvis .   a - +0 glaive
rCold    . . .     Gourm    .   (shield currently unavailable)
rNeg     . . .     Faith    .   y - +1 leather armour {rF+}
rPois    +         Spirit   +   (no helmet)
rElec    .         Reflect  .   (no cloak)
rCorr    .         Harm     .   (no gloves)
MR       .....                  (no boots)
Stlth    ++........             r - amulet of guardian spirit
HPRegen  0.21/turn              k - ring of poison resistance
MPRegen  0.16/turn              o - +2 ring of intelligence

@: mighty, lethally poisoned (-1 -> -5)
A: distributed training, fangs 1, strong nose
a: Renounce Religion


You were on level 7 of the Dungeon.
You worshipped Makhleb.
Makhleb was noncommittal.
You were not hungry.

You visited 1 branch of the dungeon, and saw 7 of its levels.

You collected 360 gold pieces.

Inventory:

Hand Weapons
 a - a +0 glaive (weapon)
 b - a +4 club
 z - a +0 spear
Armour
 y - a +1 leather armour of fire resistance (worn)
Jewellery
 k - a ring of poison resistance (left hand)
 o - a +2 ring of intelligence (right hand)
 r - an amulet of guardian spirit (around neck)
 x - an uncursed ring of fire
Wands
 q - a wand of random effects (14)
 A - a wand of enslavement (10)
Scrolls
 f - a scroll of teleportation {unknown}
 g - 3 scrolls of identify
 j - 5 scrolls of remove curse
 n - a scroll of blinking {unknown}
 v - a scroll of noise {unknown}
 w - a scroll of amnesia {unknown}
Potions
 c - 3 potions of curing
 e - a potion of might
 h - a potion of cancellation {unknown}
 i - a potion of resistance {unknown}
 l - a potion of agility {unknown}
 m - a potion of heal wounds {unknown}
 p - a potion of flight {unknown}
 s - a potion of haste {unknown}
 t - a potion of mutation {unknown}
 u - a potion of invisibility {unknown}
Comestibles
 d - 16 rations


   Skills:
 + Level 6.0 Fighting
 + Level 3.7 Short Blades
 + Level 3.7 Long Blades
 + Level 3.7 Axes
 + Level 3.7 Maces & Flails
 + Level 6.0 Polearms
 + Level 3.7 Staves
 + Level 3.7 Slings
 + Level 3.7 Bows
 + Level 3.7 Crossbows
 + Level 3.7 Throwing
 + Level 4.6 Armour
 + Level 6.0 Dodging
 + Level 3.7 Stealth
 + Level 3.7 Shields
 + Level 3.7 Unarmed Combat
 + Level 6.3 Spellcasting
 + Level 3.0 Conjurations
 + Level 3.0 Hexes
 + Level 6.3 Charms
 + Level 3.0 Summonings
 + Level 3.0 Necromancy
 + Level 3.0 Translocations
 + Level 3.0 Transmutations
 + Level 3.0 Fire Magic
 + Level 3.0 Ice Magic
 + Level 3.0 Air Magic
 + Level 3.0 Earth Magic
 + Level 3.0 Poison Magic
 + Level 4.1 Invocations
 + Level 3.7 Evocations


You had 11 spell levels left.
You knew the following spells:

 Your Spells              Type           Power        Failure   Level  Hunger
a - Infusion              Chrm           ####         1%          1    None
b - Shroud of Golubria    Chrm/Tloc      ###...       2%          2    None
c - Spectral Weapon       Hex/Chrm       ###.....     5%          3    ##.....
d - Regeneration          Chrm/Necr      ###.......   5%          3    ##.....

Your spell library contained the following spells:

 Spells                   Type           Power        Failure   Level  Hunger
 Song of Slaying          Chrm           ####....     1%          2    None
 Flame Tongue             Conj/Fire      ###..        3%          1    None
 Blink                    Tloc           N/A          5%          2    None
 Throw Flame              Conj/Fire      ###...       5%          2    None
 Conjure Flame            Conj/Fire      ###.....     11%         3    ##.....
 Gell's Gravitas          Tloc           ###.......   11%         3    ##.....
 Inner Flame              Hex/Fire       ###.....     11%         3    ##.....
 Lesser Beckoning         Tloc           ###.......   11%         3    ##.....
 Teleport Other           Tloc           ###.....     11%         3    ##.....
 Passage of Golubria      Tloc           N/A          34%         4    ####...
 Sticky Flame             Conj/Fire      ###.....     34%         4    ####...
 Fireball                 Conj/Fire      ###.......   69%         5    #####..


Dungeon Overview and Level Annotations

Branches:
Dungeon (7/15)             Temple (0/1) D:5

Altars:
Hepliaklqana
Makhleb
Ru

Shops:
D:6 =


Innate Abilities, Weirdness & Mutations

Your experience applies equally to all skills.
You have very sharp teeth.
Your uncanny sense of smell can sniff out nearby items.


Message History

* * * LOW HITPOINT WARNING * * *
You feel better.
The killer bee stings you but does no damage.
The killer bee closely misses you.
You slash the killer bee!
You kill the killer bee!
Makhleb accepts your kill.
Your Fighting skill increases to level 6!
Your Polearms skill increases to level 6!
Your Dodging skill increases to level 6!
The killer bee closely misses you. The killer bee stings you!
* * * LOW HITPOINT WARNING * * *
You hit the killer bee.
The killer bee is lightly wounded.
Your spectral weapon misses the killer bee.
The killer bee stings you.
* * * LOW HITPOINT WARNING * * *
You are poisoned.
The killer bee poisons you! The killer bee stings you!
You die...

#.#.....##...
#>..†.!..#..####
#........##....#
##..........# #%.........#
.# #..........###..#
####.......##.....#
..........y##.#..##
.#..#.....yy@(##.#
.>####....h#####.## .#
#.....## #..####.# ###
#.#...#### ##...... ..
...#..)...###...##### .#
...............)#.....###.##
##.##.......†...............
.$ ###..#..##...######..#..
#.....####.# ##.....#


You could see a black bear, 3 killer bees and a friendly spectral +0 glaive.

Vanquished Creatures
  An ice beast (D:6)
  2 ogres (D:4)
  A centaur (D:5)
  2 bullfrogs (D:6)
  2 scorpions
  3 killer bees (D:7)
  2 howler monkeys (D:5)
  4 wights (D:6)
  3 crimson imps
  A bullfrog skeleton (D:5)
  3 hounds (D:4)
  2 orc priests (D:4)
  A gnoll shaman (D:5)
  A centaur skeleton (D:4)
  An iguana (D:6)
  Jessica (D:3)
  3 orc wizards
  A worker ant (D:5)
  A killer bee zombie (D:7)
  2 hound skeletons
  Robin (D:2)
  8 adders
  3 gnolls
  A shadow imp (D:6)
  A worm (D:2)
  2 adder skeletons (D:4)
  3 dart slugs (D:1)
  3 leopard geckos
  11 orcs
  2 ball pythons (D:1)
  3 giant cockroaches
  5 hobgoblins
  7 jackals (D:2)
  2 kobolds
  3 quokkas
  6 bats
  2 frilled lizards (D:1)
  14 goblins
  A quokka skeleton (D:4)
  8 rats
123 creatures vanquished.

Vanquished Creatures (others)
  4 spectral weapons
4 creatures vanquished.

Grand Total: 127 creatures vanquished

Notes
Turn   | Place    | Note
-------+----------+-------------------------------------------
     0 | D:1      | Iamsoldier the Gnoll Skald began the quest for the Orb.
     0 | D:1      | Reached XP level 1. HP: 20/20 MP: 6/6
   325 | D:1      | Reached XP level 2. HP: 17/26 MP: 3/7
   338 | D:1      | Learned a level 2 spell: Shroud of Golubria
   990 | D:2      | Reached XP level 3. HP: 20/31 MP: 3/9
   995 | D:2      | Reached skill level 5 in Spellcasting
  1260 | D:2      | Learned a level 3 spell: Spectral Weapon
  1264 | D:2      | Learned a level 3 spell: Regeneration
  1309 | D:2      | Noticed Robin
  1316 | D:2      | Reached skill level 1 in Invocations
  1329 | D:2      | Killed Robin
  1329 | D:2      | Reached skill level 1 in Short Blades
  1329 | D:2      | Reached skill level 1 in Long Blades
  1329 | D:2      | Reached skill level 1 in Axes
  1329 | D:2      | Reached skill level 1 in Maces & Flails
  1329 | D:2      | Reached skill level 1 in Staves
  1329 | D:2      | Reached skill level 1 in Slings
  1329 | D:2      | Reached skill level 1 in Bows
  1329 | D:2      | Reached skill level 1 in Crossbows
  1329 | D:2      | Reached skill level 1 in Throwing
  1329 | D:2      | Reached skill level 1 in Stealth
  1329 | D:2      | Reached skill level 1 in Shields
  1329 | D:2      | Reached skill level 1 in Unarmed Combat
  1329 | D:2      | Reached skill level 1 in Evocations
  1329 | D:2      | Reached XP level 4. HP: 17/38 MP: 1/11
  2342 | D:3      | Noticed Jessica
  2352 | D:3      | Killed Jessica
  2352 | D:3      | Reached skill level 1 in Conjurations
  2352 | D:3      | Reached skill level 1 in Hexes
  2352 | D:3      | Reached skill level 1 in Summonings
  2352 | D:3      | Reached skill level 1 in Necromancy
  2352 | D:3      | Reached skill level 1 in Translocations
  2352 | D:3      | Reached skill level 1 in Transmutations
  2352 | D:3      | Reached skill level 1 in Fire Magic
  2352 | D:3      | Reached skill level 1 in Ice Magic
  2352 | D:3      | Reached skill level 1 in Air Magic
  2352 | D:3      | Reached skill level 1 in Earth Magic
  2352 | D:3      | Reached skill level 1 in Poison Magic
  2415 | D:3      | Reached XP level 5. HP: 40/43 MP: 12/12
  3820 | D:4      | Reached XP level 6. HP: 47/50 MP: 5/13
  3905 | D:4      | Found a hazy altar of Hepliaklqana.
  4431 | D:4      | Reached skill level 5 in Fighting
  4431 | D:4      | Reached skill level 5 in Polearms
  4431 | D:4      | Reached skill level 5 in Dodging
  4772 | D:4      | Reached XP level 7. HP: 30/56 MP: 0/15
  5218 | D:4      | Found a burning altar of Makhleb.
  5367 | D:4      | Became a worshipper of Makhleb the Destroyer
  5670 | D:5      | Entered Level 5 of the Dungeon
  5882 | D:5      | Found a staircase to the Ecumenical Temple.
  6029 | D:5      | Found a sacrificial altar of Ru.
  6226 | D:5      | Reached XP level 8. HP: 57/63 MP: 14/16
  7249 | D:6      | Found Quaheby's Jewellery Shop.
  7828 | D:7      | Reached XP level 9. HP: 16/69 MP: 1/18
  7835 | D:7      | Slain by a killer bee

Levels and vault maps discovered:
D:1:      scummos_arrival_gate, layout_loops_ring, roderic_cross_of_infinity
D:2:      layout_basic, first_ration, hangedman_decor_peaks_small, uniq_robin
D:3:      layout_basic, uniq_jessica
D:4:      layout_loops_cross, old_standard_altar, kennysheep_path_1,
          makhleb_heckhound_becter
D:5:      layout_gridville, nicolae_ru_awakened_eye,
          minmay_temple_entry_stoned_glass, serial_bayou, serial_bayou_lagoon_b,
          serial_bayou_pond_d, serial_bayou_pond_c, serial_bayou_ford_a
D:6:      layout_rooms, minmay_shop_enchanted_jewellery, abandoned_shop
D:7:      layout_rooms, st_stairs_9, nrook_mini_vaults, trog_ov_bears_minmay

Skill      XL: |  1  2  3  4  5  6  7  8  9 |
---------------+----------------------------+-----
Spellcasting   | 5 6 |  6.3
Invocations    | 1 2 3 4 |  4.1
Short Blades   | 1 2 3 |  3.7
Long Blades    | 1 2 3 |  3.7
Axes           | 1 2 3 |  3.7
Maces & Flails | 1 2 3 |  3.7
Staves         | 1 2 3 |  3.7
Slings         | 1 2 3 |  3.7
Bows           | 1 2 3 |  3.7
Crossbows      | 1 2 3 |  3.7
Throwing       | 1 2 3 |  3.7
Stealth        | 1 2 3 |  3.7
Shields        | 1 2 3 |  3.7
Unarmed Combat | 1 2 3 |  3.7
Evocations     | 1 2 3 |  3.7
Conjurations   | 1 2 3 |  3.0
Hexes          | 1 2 3 |  3.0
Summonings     | 1 2 3 |  3.0
Necromancy     | 1 2 3 |  3.0
Translocations | 1 2 3 |  3.0
Transmutations | 1 2 3 |  3.0
Fire Magic     | 1 2 3 |  3.0
Ice Magic      | 1 2 3 |  3.0
Air Magic      | 1 2 3 |  3.0
Earth Magic    | 1 2 3 |  3.0
Poison Magic   | 1 2 3 |  3.0
Armour         | 3 4 |  4.6
Fighting       | 5 6 |  6.0
Polearms       | 5 6 |  6.0
Dodging        | 5 6 |  6.0
Charms         | 6 |  6.3

Action                   |  1- 3 |  4- 6 |  7- 9 || total
-------------------------+-------+-------+-------++-------
Melee: Spear             |    77 |    50 |       ||   127
       Bite              |     8 |    11 |    22 ||    41
       Club              |       |   116 |   167 ||   283
       Punch             |       |     2 |     3 ||     5
       Glaive            |       |       |    20 ||    20
 Cast: Infusion          |    11 |    12 |     6 ||    29
       Spectral Weapon   |     1 |     9 |    22 ||    32
       Shroud of Golubri |       |     7 |    14 ||    21
       Regeneration      |       |     2 |     9 ||    11
  Use: Potion            |       |       |     6 ||     6
       Scroll            |       |       |     2 ||     2
 Stab: Sleeping          |     2 |     3 |     1 ||     6
       Distracted        |       |       |     1 ||     1
  Eat: Chunk             |     1 |    12 |     8 ||    21
       Ration            |       |       |     1 ||     1
Armor: Leather armour    |    14 |    33 |    38 ||    85
Dodge: Dodged            |    54 |    86 |   187 ||   327
